NCAA
PENN STATE NITTANY LIONS @ FLORIDA GATORS
04/21/2026
 
TOP OF THE 1ST
Penn State Nittany Lions batting - Pitching for Florida Gators : LHP Billy Davis
Pitching: LHP Billy Davis
Batting: LHB Gary Lynn 0-0: Ball
1-0: Foul Ball, location: 2F
1-1: Ball
2-1: Ball
3-1: Foul Ball, location: 2F
3-2: SINGLE (Groundball, 56D)
Batting: RHB Jeremiah Ward 0-0: Ball
1-0: Ball
2-0: Foul Ball, location: 2F
2-1: Ball
3-1: Foul Ball, location: 2F
3-2: Strikes out swinging
Batting: SHB Tony Yan 0-0: Ball
1-0: Foul Ball, location: 2F
1-1: Ball
2-1: DOUBLE (Flyball, 89D)
Gary Lynn to third
Runner from 3rd tries for Home, throw and OUT!
Tony Yan to third
Batting: RHB Jim Anderson 0-0: Called Strike
0-1: Foul Ball, location: 2F
0-2: DOUBLE (Line Drive, 7LS)
Tony Yan scores
Batting: SHB Sean Moody 0-0: Ball
1-0: Called Strike
1-1: Ball
2-1: Ball
3-1: Called Strike
3-2: Foul Ball, location: 2F
3-2: Strikes out swinging
Top of the 1st over - 1 run(s), 3 hit(s), 0 error(s), 1 left on base; Penn State 1 - Florida 0
BOTTOM OF THE 1ST
Florida Gators batting - Pitching for Penn State Nittany Lions : RHP Frank Allen
Pitching: RHP Frank Allen
Batting: RHB Stephen Black 0-0: Ball
1-0: Ball
2-0: Ball
3-0: Called Strike
3-1: Base on Balls
Batting: RHB Seth Burgess 0-0: Ball
Stephen Black steals 2nd base
1-0: Ball
2-0: Fly out, F4 (Popup, 34)
Batting: RHB Butch Richardson 0-0: Ball
1-0: Called Strike
1-1: Called Strike
1-2: Foul Ball, location: 2F
1-2: Foul Ball, location: 2F
1-2: Ball
2-2: Strikes out looking
Batting: RHB Jon Newsome 0-0: Ball
1-0: Called Strike
1-1: Foul Ball, location: 2F
1-2: Ball
2-2: Ground out 4-3 (Groundball, 4M)
Bottom of the 1st over - 0 run(s), 0 hit(s), 0 error(s), 1 left on base; Penn State 1 - Florida 0
TOP OF THE 2ND
Penn State Nittany Lions batting - Pitching for Florida Gators : LHP Billy Davis
Batting: RHB Roderick Silva 0-0: Foul Ball, location: 2F
0-1: Called Strike
0-2: Fly out, F7 (Flyball, 78M)
Batting: RHB Kip Murphy 0-0: Foul Ball, location: 2F
0-1: Swinging Strike
0-2: SINGLE (Groundball, 6) (infield hit)
Batting: LHB Ángel Santos 0-0: Ball
1-0: Ball
Kip Murphy steals 2nd base
2-0: Ball
3-0: Called Strike
3-1: Called Strike
3-2: SINGLE (Line Drive, 7LM)
Kip Murphy to third
Runner from 3rd tries for Home, SAFE, no throw or cutoff
Batting: LHB James Macías 0-0: Ball
1-0: Ball
2-0: Ball
3-0: Base on Balls
Ángel Santos to second
Batting: LHB Gary Lynn 0-0: Ball
1-0: Ball
2-0: Called Strike
2-1: SINGLE (Line Drive, 4)
Ángel Santos to third
James Macías to second
Runner from 3rd tries for Home, SAFE, no throw or cutoff
Batting: RHB Jeremiah Ward 0-0: Ball
1-0: Foul Ball, location: 2F
1-1: Ball
2-1: Foul Ball, location: 2F
2-2: DOUBLE (Line Drive, 7LS)
James Macías scores
Gary Lynn to third
Runner from 3rd tries for Home, SAFE, no throw or cutoff
Batting: SHB Tony Yan 0-0: Ball
1-0: Ball
2-0: Called Strike
2-1: Foul Ball, location: 2F
2-2: Ball
3-2: Foul Ball, location: 2F
3-2: SINGLE (Line Drive, 7S)
Jeremiah Ward to third
Batting: RHB Jim Anderson 0-0: Called Strike
0-1: Swinging Strike
0-2: Ball
1-2: Strikes out swinging
Tony Yan steals 2nd base
Batter strikes out.
Batting: SHB Sean Moody 0-0: Called Strike
0-1: Ball
1-1: Fly out, F7 (Flyball, 7M)
Top of the 2nd over - 4 run(s), 5 hit(s), 0 error(s), 2 left on base; Penn State 5 - Florida 0
BOTTOM OF THE 2ND
Florida Gators batting - Pitching for Penn State Nittany Lions : RHP Frank Allen
Batting: RHB Luis Morales 0-0: Foul Ball, location: 2F
0-1: Ball
1-1: SINGLE (Line Drive, 9S)
Batting: LHB Xavier Rivera 0-0: Ball
1-0: Fly out, F9 (Flyball, 9M)
Batting: RHB Manny Gutiérrez 0-0: Ball
1-0: Ball
2-0: Ball
3-0: Called Strike
3-1: Base on Balls
Luis Morales to second
Batting: SHB Pedro Rodríguez 0-0: Foul Ball, location: 2F
0-1: Ball
1-1: Swinging Strike
1-2: Foul Ball, location: 2F
1-2: Strikes out swinging
Batting: RHB Marshall Normore 0-0: Called Strike
0-1: Called Strike
0-2: Hit by Pitch
Luis Morales to third
Manny Gutiérrez to second
Batting: RHB Stephen Black 0-0: Ball
1-0: Ball
2-0: Ball
3-0: Base on Balls
Luis Morales scores
Manny Gutiérrez to third
Marshall Normore to second
Batting: RHB Seth Burgess 0-0: Fly out, F7 (Line Drive, 7M)
Bottom of the 2nd over - 1 run(s), 1 hit(s), 0 error(s), 3 left on base; Penn State 5 - Florida 1
TOP OF THE 3RD
Penn State Nittany Lions batting - Pitching for Florida Gators : LHP Billy Davis
Batting: RHB Roderick Silva 0-0: Foul Ball, location: 2F
0-1: Ball
1-1: Swinging Strike
1-2: Ball
2-2: Strikes out swinging
Batting: RHB Kip Murphy 0-0: Foul Ball, location: 2F
0-1: Ball
1-1: Foul Ball, location: 2F
1-2: Ball
2-2: Strikes out swinging
Batting: LHB Ángel Santos 0-0: Ball
1-0: Foul Ball, location: 2F
1-1: Fly out, F7 (Flyball, 7S)
Top of the 3rd over - 0 run(s), 0 hit(s), 0 error(s), 0 left on base; Penn State 5 - Florida 1
BOTTOM OF THE 3RD
Florida Gators batting - Pitching for Penn State Nittany Lions : RHP Frank Allen
Batting: RHB Butch Richardson 0-0: Ball
1-0: Ball
2-0: Ground out 6-3 (Groundball, 6)
Batting: RHB Jon Newsome 0-0: Swinging Strike
0-1: Foul Ball, location: 2F
0-2: SOLO HOME RUN (Flyball, 78XD), Distance : 367 ft
Batting: RHB Luis Morales 0-0: Foul Ball, location: 2F
0-1: SINGLE (Line Drive, 7S)
Batting: LHB Xavier Rivera 0-0: Ball
1-0: Ball
2-0: Ball
3-0: Called Strike
3-1: Base on Balls
Luis Morales to second
Batting: RHB Manny Gutiérrez 0-0: Ball
1-0: Ball
2-0: Ball
3-0: Called Strike
3-1: Foul Ball, location: 2F
3-2: Base on Balls
Luis Morales to third
Xavier Rivera to second
Batting: SHB Pedro Rodríguez 0-0: Fly out, F7 (Flyball, 7M)
Runner from 3rd tags up, SCORES, throw made
Batting: RHB Marshall Normore 0-0: Called Strike
0-1: Foul Ball, location: 2F
0-2: Fly out, F9 (Line Drive, 89M)
Bottom of the 3rd over - 2 run(s), 2 hit(s), 0 error(s), 2 left on base; Penn State 5 - Florida 3
TOP OF THE 4TH
Penn State Nittany Lions batting - Pitching for Florida Gators : LHP Billy Davis
Batting: LHB James Macías 0-0: Called Strike
0-1: SINGLE (Groundball, 4MD)
Pitching: RHP Ryan Crow
Batting: LHB Gary Lynn 0-0: Ball
1-0: Ball
2-0: Called Strike
2-1: Foul Ball, location: 2F
2-2: Ball
3-2: 2-RUN HOME RUN (Flyball, 89XD), Distance : 391 ft
Batting: RHB Jeremiah Ward 0-0: Ball
1-0: Ground out 5-3 (Groundball, 5L)
Batting: SHB Tony Yan 0-0: Ball
1-0: Called Strike
1-1: Foul Ball, location: 2F
1-2: Ball
2-2: Foul Ball, location: 2F
2-2: Ball
3-2: Base on Balls
Batting: RHB Jim Anderson 0-0: Ball
1-0: Fly out, F8 (Flyball, 8LS)
Batting: SHB Sean Moody 0-0: Ball
Tony Yan steals 2nd base
1-0: SINGLE (Groundball, 34)
Tony Yan to third
Runner from 3rd tries for Home, SAFE, no throw or cutoff
Batting: RHB Roderick Silva 0-0: Ground out 2-3 (Groundball, 25)
Top of the 4th over - 3 run(s), 3 hit(s), 0 error(s), 1 left on base; Penn State 8 - Florida 3
BOTTOM OF THE 4TH
Florida Gators batting - Pitching for Penn State Nittany Lions : RHP Frank Allen
Batting: RHB Stephen Black 0-0: Ball
1-0: Swinging Strike
1-1: Foul Ball, location: 2F
1-2: Foul Ball, location: 2F
1-2: Foul Ball, location: 2F
1-2: Strikes out looking
Batting: RHB Seth Burgess 0-0: Ground out 6-3 (Groundball, 6)
Batting: RHB Butch Richardson 0-0: Called Strike
0-1: Ball
1-1: Ball
2-1: Foul Ball, location: 2F
2-2: Ball
3-2: Foul Ball, location: 2F
3-2: Base on Balls
Pitching: LHP Rick Johnson
Batting: RHB Jon Newsome 0-0: Ball
1-0: Foul Ball, location: 2F
1-1: Ball
2-1: Foul Ball, location: 2F
2-2: Ball
3-2: Ground out 5-3 (Groundball, 56)
Bottom of the 4th over - 0 run(s), 0 hit(s), 0 error(s), 1 left on base; Penn State 8 - Florida 3
TOP OF THE 5TH
Penn State Nittany Lions batting - Pitching for Florida Gators : RHP Ryan Crow
Batting: RHB Kip Murphy 0-0: Foul Ball, location: 2F
0-1: Swinging Strike
0-2: Ball
1-2: Ball
2-2: Strikes out swinging
Batting: LHB Ángel Santos 0-0: Ground out 4-3 (Groundball, 4)
Batting: LHB James Macías 0-0: Called Strike
0-1: Called Strike
0-2: Ball
1-2: Strikes out swinging
Top of the 5th over - 0 run(s), 0 hit(s), 0 error(s), 0 left on base; Penn State 8 - Florida 3
BOTTOM OF THE 5TH
Florida Gators batting - Pitching for Penn State Nittany Lions : LHP Rick Johnson
Batting: RHB Luis Morales 0-0: Ball
1-0: SINGLE (Line Drive, 6D)
Batting: LHB Xavier Rivera 0-0: Called Strike
0-1: Foul Ball, location: 2F
0-2: Ball
1-2: Ball
2-2: DOUBLE (Flyball, 9LD)
Luis Morales to third
Batting: RHB Manny Gutiérrez 0-0: Called Strike
0-1: Called Strike
0-2: Strikes out looking
Batting: SHB Pedro Rodríguez 0-0: Ball
1-0: Ball
2-0: Called Strike
2-1: Foul Ball, location: 2F
2-2: Ball
3-2: Strikes out swinging
Batting: RHB Marshall Normore 0-0: Foul Ball, location: 2F
0-1: Called Strike
0-2: Ball
1-2: Strikes out swinging
Bottom of the 5th over - 0 run(s), 2 hit(s), 0 error(s), 2 left on base; Penn State 8 - Florida 3
TOP OF THE 6TH
Penn State Nittany Lions batting - Pitching for Florida Gators : RHP Ryan Crow
Batting: LHB Gary Lynn 0-0: Ball
1-0: Called Strike
1-1: Swinging Strike
1-2: Foul Ball, location: 2F
1-2: Foul Ball, location: 2F
1-2: Ball
2-2: Ball
3-2: Fly out, F4 (Popup, 4M)
Batting: RHB Jeremiah Ward 0-0: Bunt - Flyout! F1
Batting: SHB Tony Yan 0-0: Foul Ball, location: 2F
0-1: Called Strike
0-2: Strikes out swinging
Top of the 6th over - 0 run(s), 0 hit(s), 0 error(s), 0 left on base; Penn State 8 - Florida 3
BOTTOM OF THE 6TH
Florida Gators batting - Pitching for Penn State Nittany Lions : LHP Rick Johnson
Batting: RHB Stephen Black 0-0: Called Strike
0-1: Ball
1-1: Ball
2-1: Ball
3-1: DOUBLE (Line Drive, 7LS)
Batting: RHB Seth Burgess 0-0: Ball
1-0: Called Strike
1-1: Fly out, F8 (Flyball, 8RS)
Batting: RHB Butch Richardson 0-0: Ball
Stephen Black steals 3rd base
1-0: Ball
Steal of home, Stephen Black is safe
2-0: Fly out, F8 (Flyball, 8RM)
Batting: RHB Jon Newsome 0-0: Foul Ball, location: 2F
0-1: Ground out 6-3 (Groundball, 6)
Bottom of the 6th over - 1 run(s), 1 hit(s), 0 error(s), 0 left on base; Penn State 8 - Florida 4
TOP OF THE 7TH
Penn State Nittany Lions batting - Pitching for Florida Gators : RHP Ryan Crow
Pitching: RHP Mike Walker
Batting: RHB Jim Anderson 0-0: Ground out 6-3 (Groundball, 6)
Batting: SHB Sean Moody 0-0: SINGLE (Line Drive, 89M)
Batting: RHB Roderick Silva Pickoff Throw to First - Out!
0-0: Called Strike
0-1: Called Strike
0-2: Fly out, F4 (Popup, 34)
Top of the 7th over - 0 run(s), 1 hit(s), 0 error(s), 0 left on base; Penn State 8 - Florida 4
BOTTOM OF THE 7TH
Florida Gators batting - Pitching for Penn State Nittany Lions : LHP Rick Johnson
Pitching: RHP Hugh Hale
Batting: RHB Luis Morales 0-0: Ball
1-0: Called Strike
1-1: Ball
2-1: Called Strike
2-2: Foul Ball, location: 2F
2-2: Ground out 6-3 (Groundball, 6)
Batting: LHB Xavier Rivera 0-0: Fly out, F3 (Popup, 13S)
Batting: RHB Manny Gutiérrez 0-0: Called Strike
0-1: Ball
1-1: SINGLE (Line Drive, 7S)
Batting: SHB Pedro Rodríguez 0-0: Ball
1-0: Ball
2-0: Ball
3-0: Called Strike
3-1: Fly out, F8 (Flyball, 8LM)
Bottom of the 7th over - 0 run(s), 1 hit(s), 0 error(s), 1 left on base; Penn State 8 - Florida 4
TOP OF THE 8TH
Penn State Nittany Lions batting - Pitching for Florida Gators : RHP Mike Walker
Batting: RHB Kip Murphy 0-0: Ball
1-0: Fly out, F8 (Flyball, 8LXD)
Batting: LHB Ángel Santos 0-0: Ground out 4-3 (Groundball, 4)
Batting: LHB James Macías 0-0: SINGLE (Groundball, 3L)
Batting: LHB Gary Lynn 0-0: Ball
1-0: Ball
2-0: Ball
3-0: Base on Balls
James Macías to second
Batting: RHB Jeremiah Ward 0-0: Ball
1-0: Ground out 6-3 (Groundball, 6)
Top of the 8th over - 0 run(s), 1 hit(s), 0 error(s), 2 left on base; Penn State 8 - Florida 4
BOTTOM OF THE 8TH
Florida Gators batting - Pitching for Penn State Nittany Lions : RHP Hugh Hale
Batting: RHB Marshall Normore 0-0: Fly out, F9 (Flyball, 89M)
Batting: RHB Stephen Black 0-0: Called Strike
0-1: Called Strike
0-2: Strikes out looking
Batting: RHB Seth Burgess 0-0: Ball
1-0: Ball
2-0: Swinging Strike
2-1: Ball
3-1: Base on Balls
Batting: RHB Butch Richardson 0-0: Called Strike
0-1: SINGLE (Line Drive, 56D)
Seth Burgess to second
Batting: RHB Jon Newsome 0-0: Ball
1-0: Ball
2-0: Foul Ball, location: 2F
2-1: Fly out, F7 (Flyball, 7LMF)
Bottom of the 8th over - 0 run(s), 1 hit(s), 0 error(s), 2 left on base; Penn State 8 - Florida 4
TOP OF THE 9TH
Penn State Nittany Lions batting - Pitching for Florida Gators : RHP Mike Walker
Batting: SHB Tony Yan 0-0: Ball
1-0: Swinging Strike
1-1: Foul Ball, location: 2F
1-2: Foul Ball, location: 2F
1-2: Foul Ball, location: 2F
1-2: Foul Ball, location: 2F
1-2: Foul Ball, location: 2F
1-2: Ball
2-2: Strikes out looking
Batting: RHB Jim Anderson 0-0: Fly out, F8 (Flyball, 8RM)
Batting: SHB Sean Moody 0-0: Called Strike
0-1: SINGLE (Line Drive, 6M)
Batting: RHB Roderick Silva 0-0: Foul Ball, location: 2F
0-1: Foul Ball, location: 2F
0-2: Fly out, F9 (Flyball, 9S)
Top of the 9th over - 0 run(s), 1 hit(s), 0 error(s), 1 left on base; Penn State 8 - Florida 4
BOTTOM OF THE 9TH
Florida Gators batting - Pitching for Penn State Nittany Lions : RHP Hugh Hale
Batting: RHB Luis Morales 0-0: Swinging Strike
0-1: Swinging Strike
0-2: Strikes out swinging
Pitching: RHP Tom Henry
Batting: LHB Xavier Rivera 0-0: Ball
1-0: Ball
2-0: Ball
3-0: Base on Balls
Batting: RHB Manny Gutiérrez 0-0: Called Strike
0-1: Called Strike
0-2: Ball
1-2: Ball
2-2: Ball
3-2: Fly out, F8 (Flyball, 8LM)
3-2: Fly out, F8 (Flyball, 8LM)
Batting: SHB Pedro Rodríguez 0-0: Ball
1-0: Called Strike
1-1: Ball
2-1: Foul Ball, location: 2F
2-2: Ball
3-2: Base on Balls
Xavier Rivera to second
Pitching: RHP Barry Powell
Batting: RHB Marshall Normore 0-0: Ball
1-0: Foul Ball, location: 2F
1-1: Ball
2-1: Foul Ball, location: 2F
2-2: Fly out, F9 (Line Drive, 9M)
Bottom of the 9th over - 0 run(s), 0 hit(s), 0 error(s), 2 left on base; Penn State 8 - Florida 4
Monday, December 5th, 2016 - OOTP Baseball 17.12 Build 75